 Dungeon Crawl Stone Soup version 0.31-a0-574-g69dc8cc98e (webtiles) character file.

Game seed: 2282080030112783689

3 RepHenryClay the Sneak (level 1, -3/19 HPs)
             Began as a Hill Orc Delver on Aug 19, 2023.
             Slain by an iguana (10 damage)
             ... on level 4 of the Dungeon.
             The game lasted 00:00:50 (170 turns).

RepHenryClay the Sneak (Hill Orc Delver)             Turns: 170, Time: 00:00:50

Health: -3/19      AC:  3    Str: 14    XL:     1   Next: 50%
Magic:  1/1        EV: 11    Int: 10    God:
Gold:   0          SH:  0    Dex: 12    Spells: 0/0 levels left

rFire   . . .        a - +0 hand axe
rCold   . . .        (no shield)
rNeg    . . .        b - +0 leather armour
rPois   .            (no helmet)
rElec   .            (no cloak)
rCorr   .            (no gloves)
SInv    .            (no boots)
Will    .....        (no amulet)
Stlth   ++           (no ring)
HPRegen 0.23/turn    (no ring)
MPRegen 0.07/turn

%: no passive effects
@: no status effects
A: no striking features
a: no special abilities


You were on level 4 of the Dungeon.
You visited 1 branch of the dungeon, and saw 2 of its levels.

Inventory:

Hand Weapons
 a - a +0 hand axe (weapon)
Armour
 b - a +0 leather armour (worn)
Wands
 g - a wand of digging (3)
Scrolls
 c - a scroll of fog
 d - a scroll of revelation
 e - a scroll of fear
Potions
 f - a potion of haste


   Skills:
 - Level 3.6 Fighting
 + Level 2.9 Axes
 + Level 0.5 Armour
 - Level 1.5 Dodging
 - Level 4.1 Stealth


You couldn't memorise any spells.
You didn't know any spells.
Your spell library was empty.

Dungeon Overview and Level Annotations

Branches:
Dungeon (5/15)
 Temple: D:4-7

Altars:


Message History

You hear the slow rusting of a distant drain.
You barely miss the iguana.
The iguana bites you but does no damage.
The iguana bites you!
Huge Dmg: -42%(-8hp) hp: 58%(11hp)
You are too injured to fight recklessly!
You barely miss the iguana.
The iguana hisses menacingly.
The iguana bites you.
Damage: -5%(-1hp) hp: 53%(10hp)
You hit the iguana.
The iguana is lightly wounded.
The iguana closely misses you.
Unknown command.
You hit the iguana but do no damage.
The iguana is lightly wounded.
The iguana barely misses you.
You barely miss the iguana.
The iguana is lightly wounded.
The iguana bites you.
* * * LOW HITPOINT WARNING * * *
Huge Dmg: -26%(-5hp) hp: 32%(6hp)
Okay, then.
You barely miss the iguana.
The iguana is lightly wounded.
The iguana barely misses you.
You barely miss the iguana.
The iguana is lightly wounded.
The iguana barely misses you.
You hit the iguana but do no damage.
The iguana is lightly wounded.
The iguana closely misses you. The iguana misses you.
You closely miss the iguana.
The iguana is lightly wounded.
The iguana barely misses you.
You hit the iguana but do no damage.
The iguana is lightly wounded.
The iguana bites you!
Ouch! That really hurt!
You die...

##.## ###....####
#....# #..........
#....###.........#
#.....##.........#
#....##.........##
#.....#..........#
#................#
##......>........#
#..@..#........#
##.l.##........#
#...##.......##
#..####......#
##.#####....########
#...................
#.................$.
...........%..########
#....##########


You could see an iguana.

Vanquished Creatures
  An orc (D:5)
  A hobgoblin (D:4)
2 creatures vanquished.

Notes
Turn   | Place    | Note
-------+----------+-------------------------------------------
     0 | D:5      | RepHenryClay the Hill Orc Delver began the quest for the
                  | Orb.
     0 | D:5      | Reached XP level 1. HP: 19/19 MP: 1/1
   103 | D:5      | Noticed an iguana
   120 | D:4      | Noticed a phantom
   128 | D:4      | Noticed an iguana
   170 | D:4      | Slain by an iguana

Illustrated notes

Levels and vault maps discovered:
D:4:      layout_cave_pods, serial_shops, shop, cheibrodos_sewer_entry_sluice,
          uniq_grinder
D:5:      layout_loops_cross, nicolae_ossuary_entry_catacombs

Action                     || total
---------------------------++-------
  Melee: Hand axe          ||    21
         Punch             ||     1
 Armour: Leather armour    ||     4
  Dodge: Dodged            ||    11

Table legend: (Time is in decaauts)
 A = Elapsed time spent in this place.
 B = Non-inter-level travel time spent in this place.
 C = Inter-level travel time spent in this place.
 D = Time resting spent in this place.
 E = Time spent auto-exploring this place.
 F = Levels seen in this place.
 G = Mean time per level.
                   A        B        C        D        E       F      G
               +--------+--------+--------+--------+--------+-----+--------+
         Total |    172 |    172 |      0 |     54 |      0 |   2 |   86.0 |
       Dungeon |    172 |    172 |      0 |     54 |      0 |   2 |   86.0 |
               +--------+--------+--------+--------+--------+-----+--------+

Top non-repeatable levels by time:
     D:5: 110 daAuts
     D:4: 61 daAuts
